 Dungeon Crawl Stone Soup version 0.29.1-12-g30fa7ad0bf (webtiles) character file.

Game seed: 5190796138609915994

484 112233 the Gusty (level 6, -2/28 HPs)
             Began as a Felid Air Elementalist on Dec 24, 2022.
             Was an Initiate of Gozag.
             Slain by a black bear (3 damage)
             ... on level 4 of the Dungeon.
             The game lasted 00:05:45 (8323 turns).

112233 the Gusty (Felid Air Elementalist)           Turns: 8323, Time: 00:05:46

Health: -2/28      AC:  2    Str:  4    XL:     6   Next: 88%
Magic:  9/13       EV: 18    Int: 19    God:    Gozag
Gold:   209        SH:  0    Dex: 16    Spells: 3/13 levels left
                                        Lives:  0   Deaths: 1

rFire   . . .      SeeInvis +   (weapon unavailable)
rCold   . . .      Faith    .   (shield unavailable)
rNeg    . . .      Spirit   .   (body armour unavailable)
rPois   .          Reflect  .   (helmet unavailable)
rElec   .          Harm     .   (cloak unavailable)
rCorr   .          Rampage  .   (gloves unavailable)
Will    .....                   (boots unavailable)
Stlth   ++........              (no amulet)
HPRegen 0.09/turn               (no ring)
MPRegen 0.13/turn               (no ring)

@: flying, quick
A: very small, claws 1, fangs 3, see invisible, speed 1, shaggy fur 2, stealthy
paws, no weapons or thrown items, no armour, multi-lived
a: Renounce Religion, Potion Petition, Call Merchant, Bribe Branch


You were on level 4 of the Dungeon.
You worshipped Gozag.
Gozag was aware of your devotion.
You visited 2 branches of the dungeon, and saw 9 of its levels.

You collected 365 gold pieces.
You paid 156 gold pieces to Gozag.

Inventory:

Jewellery
 h - a +6 ring of intelligence
 l - an amulet of magic regeneration
Wands
 a - a wand of paralysis (4)
Scrolls
 b - 5 scrolls of identify
 c - a scroll of noise
 d - 2 scrolls of enchant weapon
 e - 2 scrolls of teleportation
 f - a scroll of blinking {unknown}
 g - 2 scrolls of brand weapon {unknown}
 i - a scroll of immolation {unknown}
 m - a scroll of amnesia {unknown}


   Skills:
 + Level 3.5 Fighting
 + Level 3.6 Dodging
 - Level 2.6 Stealth
 + Level 4.0 Spellcasting
 - Level 0.8 Conjurations
 + Level 6.0 Air Magic


You had 3 spell levels left.
You knew the following spells:

 Your Spells              Type           Power      Damage    Failure   Level
a - Shock                 Conj/Air       64%        1d7       3%          1
b - Static Discharge      Conj/Air       16%        3-5/arc   4%          2
c - Swiftness             Air            26%        N/A       3%          3
d - Airstrike             Air            13%        2d(2-18)  12%         4

Your spell library contained the following spells:

 Spells                   Type           Power      Damage    Failure   Level
 Magic Dart               Conj           28%        1d4       10%         1
 Searing Ray              Conj           14%        2d5       14%         2
 Ensorcelled Hibernation  Hex/Ice        6%         N/A       21%         2
 Ignite Poison            Fire/Tmut/Pois 3%         N/A       38%         3
 Spider Form              Tmut/Pois      3%         N/A       38%         3
 Lightning Bolt           Conj/Air       8%         1d20      67%         5
 Fulminant Prism          Conj/Hex       2%         3d6       75%         4
 Anguish                  Hex/Necr       1%         N/A       80%         4
 Leda's Liquefaction      Hex/Erth       1%         N/A       80%         4
 Alistair's Intoxication  Tmut/Pois      2%         N/A       98%         5
 Lee's Rapid Deconstruct  Erth           1%         3d5*      98%         5
 Statue Form              Tmut/Erth      2%         N/A       100%        6
 Spellforged Servitor     Conj/Summ      2%         N/A       100%        7
 Maxwell's Capacitive Co  Air            13%        ∞         100%        8


Dungeon Overview and Level Annotations

Branches:
Dungeon (8/15)             Temple (1/1) D:5
   Lair: D:8-11

Altars:
Ashenzari
Cheibriados
Elyvilon
Fedhas
Gozag
Hepliaklqana
Kikubaaqudgha
Makhleb
Nemelex Xobeh
Qazlal
Ru
Sif Muna
Trog
Uskayaw
Vehumet
Wu Jian
Zin
The Shining One

Shops:
D:2 *

Annotations:
D:3 exclusion: downstairs
D:5 exclusion: downstairs
D:7 exclusion: downstairs


Innate Abilities, Weirdness & Mutations

You have sharp claws.
You have razor-sharp teeth.
You have supernaturally acute eyesight. (SInv)
You cover ground quickly. (Speed+)
You are covered in thick fur. (AC +2)
Your paws help you pounce on unaware monsters.
You are incapable of wielding weapons or throwing items.
You cannot wear armour.
You gain extra lives every three experience levels.


Message History

You feel less invigorated.
You feel less confused.
You feel sick.
You now have 209 gold pieces (gained 6).
You feel sick.
You feel sick.
You feel sick.
You are no longer poisoned.
Unknown command.
Unknown command.
The black bear growls angrily.
The black bear misses you. The black bear closely misses you.
The black bear misses you.
Casting: Static Discharge (safe; 4% risk of failure)
Confirm with . or Enter, or press ? or * to list all spells.
The black bear is struck by an arc of lightning.
The black bear is lightly wounded.
You are struck by an arc of lightning.
The black bear is struck by an arc of lightning.
The black bear is moderately wounded.
The lightning grounds out.
The black bear misses you. The black bear claws you. The black bear misses you.
The black bear misses you. x2; The black bear claws you.
* * * LOW HITPOINT WARNING * * *
Casting: Static Discharge (safe; 4% risk of failure)
Confirm with . or Enter, or press ? or * to list all spells.
The black bear is struck by an arc of lightning.
The black bear is heavily wounded.
You are struck by an arc of lightning.
* * * LOW HITPOINT WARNING * * *
The black bear is struck by an arc of lightning!
The black bear is almost dead.
You are struck by an arc of lightning.
* * * LOW HITPOINT WARNING * * *
The lightning grounds out.
The black bear goes berserk!
The black bear bites you.
* * * LOW HITPOINT WARNING * * *
The black bear barely misses you. The black bear claws you.
You die...
Your body crumbles into a pile of gold.

### #####.## ## #..
....... .. #### #.#
#....# #. ..... #.#
#....# #.
.....##.######....#####.
........................
.......h..........###...
.......@................
..................###.#.
.................## #.#.
#####............# #.#.
##.#.#.#.#...... ..#.
#..................#.
##.......#...$.....#.
#....$>..............
##.......#.... ....


You could see a black bear (berserk).

Vanquished Creatures
  2 phantoms
  A necrophage (D:5)
  3 scorpions
  A howler monkey (D:6)
  An orc priest (D:4)
  3 iguanas
  An orc wizard (D:4)
  5 adders
  A shadow imp (D:6)
  A white imp (D:5)
  An ufetubus (D:6)
  A worm (D:2)
  4 dart slugs
  12 orcs
  5 bats
  3 endoplasms
  4 giant cockroaches
  7 goblins
  8 hobgoblins
  3 jackals (D:2)
  5 kobolds
  4 quokkas
  11 ball pythons
  4 frilled lizards
  6 rats
97 creatures vanquished.

Notes
Turn   | Place    | Note
-------+----------+-------------------------------------------
     0 | D:1      | 112233 the Felid Air Elementalist began the quest for the
                  | Orb.
     0 | D:1      | Reached XP level 1. HP: 7/7 MP: 4/4
   128 | D:1      | Reached skill level 3 in Air Magic
   220 | D:1      | Reached XP level 2. HP: 11/11 MP: 1/6
   877 | D:1      | Found a faded altar of an unknown god.
  1044 | D:1      | Got the Reference Book on Hurtful Venin
  1234 | D:2      | Reached XP level 3. HP: 12/14 MP: 1/7
  1401 | D:2      | Found Yngi's Assorted Antiques.
  1495 | D:2      | Reached skill level 4 in Air Magic
  1673 | D:2      | Learned a level 2 spell: Static Discharge
  1677 | D:2      | Learned a level 3 spell: Swiftness
  2859 | D:4      | Noticed a scorpion
  2960 | D:3      | Reached XP level 4. HP: 18/18 MP: 5/8
  3728 | D:3      | Identified the +0 ring mail "Tugruv" {-Tele SInv Stlth+}
  4392 | D:4      | Noticed a black bear
  5197 | D:4      | Reached skill level 5 in Air Magic
  5260 | D:4      | Reached XP level 5. HP: 21/21 MP: 6/9
  5644 | D:5      | Entered Level 5 of the Dungeon
  5703 | D:5      | Reached skill level 1 in Fighting
  6089 | D:5      | Noticed a phantom
  6434 | D:6      | Gained mutation: You are covered in thick fur. (AC +2)
                  | [Felid growth]
  6434 | D:6      | Reached XP level 6. HP: 22/26 MP: 3/11
  6766 | D:8      | Noticed a wyvern
  7230 | D:6      | Noticed a sky beast
  7276 | D:5      | Learned a level 4 spell: Airstrike
  7280 | D:5      | Found a staircase to the Ecumenical Temple.
  7307 | Temple   | Entered the Ecumenical Temple
  7415 | Temple   | Became a worshipper of Gozag Ym Sagoz the Greedy
  7470 | D:4      | HP: 1/28 [poisoned by a scorpion]
  7470 | D:4      | Mangled by a scorpion
  7471 | D:4      | Reached XP level 5. HP: -6/24 MP: 6/11
  7479 | D:4      | Reached XP level 6. HP: 28/28 MP: 9/12
  8305 | D:4      | Reached skill level 6 in Air Magic
  8323 | D:4      | HP: 1/28 [black bear (2)]
  8323 | D:4      | Slain by a black bear

Illustrated notes

Levels and vault maps discovered:
D:1:      nicolae_arrival_washed_ashore, layout_loops_ring,
          dilly_ecumenical_altar_fadedgnrine, minmay_misc_feat_pillars,
          chequers_serial_rivers_marsh, minmay_pentomino_q4
D:2:      layout_basic, serial_shops, shop, chequers_serial_rivers_micro_a
D:3:      layout_loops_corners
D:4:      layout_basic, st_stairs_4, minmay_pentangle
D:5:      layout_rooms, temple_pool_b, gammafunk_ghost_split
D:6:      layout_basic
D:7:      mumra_celtic_spiral_tile, layout_cave_pools,
          mainiacjoe_overflow_boulevard, hex_medium, uniq_duvessa,
          uniq_crazy_yiuf_cottage, uniq_menkaure
D:8:      layout_rooms, mainiacjoe_overflow_alcove_4, grunt_dithmenos_smoke
Temple:   regret_index_temple_mists

Skill      XL: |  1  2  3  4  5  6 |
---------------+-------------------+-----
Air Magic      | 3 4 5 6 |  6.0
Fighting       | 2 3 |  3.5
Spellcasting   | 3 4 |  4.0
Dodging        | 3 |  3.6
Stealth        | |  2.6
Conjurations   | |  0.8

Action                   |  1- 3 |  4- 6 || total
-------------------------+-------+-------++-------
Melee: Unarmed           |    13 |    17 ||    30
       Bite              |     3 |     3 ||     6
       Punch             |     1 |     1 ||     2
 Cast: Shock             |    98 |   149 ||   247
       Static Discharge  |     4 |    29 ||    33
Evoke: Wand              |       |     3 ||     3
  Use: Scroll            |       |     5 ||     5
       Potion            |       |     8 ||     8
 Stab: Paralysed         |       |     7 ||     7
Armor: Skin              |     2 |     5 ||     7
Dodge: Dodged            |    25 |    65 ||    90
